 Dungeon Crawl Stone Soup version 0.27.1-3-gb3d3a73c9e (webtiles) character file.

Game seed: 11712487058115465685

822 Crownlay the Cleaver (level 7, -13/64 HPs)
             Began as a Hill Orc Fighter on Oct 23, 2021.
             Was a Follower of Okawaru.
             Mangled by Prince Ribbit (14 damage)
             ... on level 6 of the Dungeon.
             The game lasted 00:07:12 (4281 turns).

Crownlay the Cleaver (Hill Orc Fighter)             Turns: 4281, Time: 00:07:13

Health: -13/64     AC: 12    Str: 21    XL:     7   Next: 95%
Magic:  7/7        EV:  6    Int:  8    God:    Okawaru [*.....]
Gold:   189        SH:  5    Dex: 10    Spells: 6/6 levels left

rFire    . . .     SeeInvis .   a - +0 war axe
rCold    . . .     Faith    .   (no shield)
rNeg     . . .     Spirit   .   f - +0 plate armour
rPois    .         Reflect  +   (no helmet)
rElec    .         Harm     .   e - scarf {shadows}
rCorr    .         Rampage  .   x - +0 pair of gloves
Will     .....                  (no boots)
Stlth    ..........             r - amulet of reflection
HPRegen  0.20/turn              m - +4 ring of slaying
MPRegen  0.10/turn              (no ring)

@: no status effects
A: no striking features
a: Renounce Religion, Heroism


You were on level 6 of the Dungeon.
You worshipped Okawaru.
Okawaru was aware of your devotion.
You visited 2 branches of the dungeon, and saw 7 of its levels.

You collected 228 gold pieces.
You spent 39 gold pieces at shops.

Inventory:

Hand Weapons
 a - a +0 war axe (weapon)
 C - a +1 hand axe of flaming
Missiles
 h - 32 poisoned darts (quivered)
Armour
 c - a +0 kite shield
 e - a scarf of shadows (worn)
 f - a +0 plate armour (worn)
 x - a +0 pair of gloves (worn)
Jewellery
 m - a +4 ring of slaying (left hand)
 o - an amulet of regeneration
 r - an amulet of reflection (around neck)
Wands
 l - a wand of polymorph (16)
 u - a wand of iceblast (9)
Scrolls
 b - a scroll of fog {unknown}
 g - 5 scrolls of teleportation
 j - 2 scrolls of noise
 k - a scroll of identify
 p - a scroll of magic mapping
 s - 2 scrolls of fear
 w - a scroll of silence {unknown}
 y - a scroll of holy word {unknown}
 B - a scroll of immolation {unknown}
Potions
 d - 2 potions of might
 n - 3 potions of resistance
 q - a potion of mutation {unknown}
 t - a potion of attraction {unknown}
 v - a potion of brilliance {unknown}
 z - a potion of lignification {unknown}
 A - a potion of ambrosia {unknown}


   Skills:
 + Level 6.9 Fighting
 * Level 9.6 Axes
 - Level 3.2 Armour
 - Level 3.2 Shields


You had 6 spell levels left.
You didn't know any spells.
Your spell library contained the following spells:

 Spells                   Type           Power      Damage    Failure   Level
 Slow                     Hex            0%         N/A       100%        2
 Confusing Touch          Hex            0%         N/A       100%        3
 Yara's Violent Unravell  Hex/Tmut       0%         3d3       100%        5


Dungeon Overview and Level Annotations

Branches:
Dungeon (6/15)             Temple (1/1) D:4

Altars:
Dithmenos
Kikubaaqudgha
Okawaru
Qazlal
Ru
Sif Muna
Uskayaw

Shops:
D:2 ?   D:4 (

Annotations:
D:6 Prince Ribbit, Sigmund


Message History

The centaur zombie kicks you but does no damage.
The ogre hits you with a +0 giant club!
* * * LOW HITPOINT WARNING * * *
Something hits you!
* * * LOW HITPOINT WARNING * * *
You feel much better.
The wyvern skeleton bites you but does no damage.
The centaur zombie hits you but does no damage.
You block the centaur zombie's attack. x2; The centaur zombie kicks you.
The wyvern skeleton bites you! The ogre hits you with a +0 giant club!
* * * LOW HITPOINT WARNING * * *
You feel much better. Something hits you but does no damage.
The centaur zombie hits you but does no damage.
The centaur zombie barely misses you. The wyvern skeleton bites you.
* * * LOW HITPOINT WARNING * * *
You barely miss the ogre.
The ogre is almost dead.
You hit the wyvern skeleton. You hit the centaur zombie.
You hear the slow hiss of an avalanche of sand very nearby.
The ogre hits you but does no damage.
The wyvern skeleton bites you but does no damage.
The centaur zombie hits you but does no damage.
You block the centaur zombie's attack. Something hits you.
* * * LOW HITPOINT WARNING * * *
You barely miss the ogre.
The ogre is almost dead.
You slash the centaur zombie!
You destroy the centaur zombie!
Okawaru accepts your kill.
You slash the wyvern skeleton!
You destroy the wyvern skeleton!
Okawaru accepts your kill. The ogre hits you with a +0 giant club!
* * * LOW HITPOINT WARNING * * *
Okay, then.
You hit the ogre.
You kill the ogre!
Okawaru accepts your kill.
You slash Prince Ribbit! Prince Ribbit hits you!
You die...

*## ****,,***,,* *.#
**,,,,**,+,,* ####.# #####
*#..,,*,***,,* ##:...###*#...#
*#...,**,,**,,* .........,....#
**...,***,,,*,,* #..#.###**#..(#
*...,**∩+,,,,,,*
.......####...####.#*,,***,,,*,,*
.....?......####...#**,,**,,**,,*
................@#****,,,*,***,,*
.......######...F)#*,,,,,,**,+,,*
.......# *#......{..,,,,,,***,,*
.$.....# #...........,,,,,,**,,*
####.### #............,,,,,,*,,*
*#.# #............,,,,*,,,,* *..*
#............,,,,<,,,,*
***,*******,,,,,,,,,,,,,,,,***,,*
,,,,,,,,,,*,,,,,,,,,,,,,,,,* *,,*


You could see Prince Ribbit.

Vanquished Creatures
  A steam dragon (D:6)
  3 ogres
  A phantom (D:4)
  A bullfrog (D:4)
  A wyvern skeleton (D:6)
  A centaur zombie (D:6)
  2 jellies
  An iguana (D:3)
  A killer bee zombie (D:5)
  A howler monkey zombie (D:3)
  3 gnolls (D:4)
  6 adders
  An adder skeleton (D:4)
  3 worms
  6 orcs
  5 ball pythons
  5 endoplasms
  3 giant cockroaches
  11 hobgoblins
  8 jackals
  11 kobolds
  3 quokkas
  7 bats
  8 frilled lizards
  8 goblins
  6 rats
107 creatures vanquished.

Vanquished Creatures (others)
  3 withered plants (D:3)
3 creatures vanquished.

Grand Total: 110 creatures vanquished

Notes
Turn   | Place    | Note
-------+----------+-------------------------------------------
     0 | D:1      | Crownlay the Hill Orc Fighter began the quest for the Orb.
     0 | D:1      | Reached XP level 1. HP: 19/19 MP: 1/1
    26 | D:1      | Reached skill level 3 in Axes
    39 | D:1      | Reached XP level 2. HP: 14/27 MP: 2/2
   509 | D:1      | Reached skill level 4 in Axes
   535 | D:1      | Reached XP level 3. HP: 33/33 MP: 3/3
  1268 | D:2      | Found Patitsat's Magic Scroll Emporium.
  1275 | D:2      | Bought a scroll of noise for 13 gold pieces
  1275 | D:2      | Bought a scroll of identify for 26 gold pieces
  1402 | D:2      | Reached XP level 4. HP: 36/41 MP: 4/4
  1485 | D:2      | Found a faded altar of an unknown god.
  1499 | D:2      | Reached skill level 5 in Axes
  2200 | D:3      | Reached XP level 5. HP: 37/47 MP: 5/5
  2310 | D:3      | Found a sacrificial altar of Ru.
  2492 | D:3      | Reached skill level 5 in Fighting
  2492 | D:3      | Reached skill level 6 in Axes
  2719 | D:4      | Reached XP level 6. HP: 56/56 MP: 6/6
  2818 | D:4      | Found a staircase to the Ecumenical Temple.
  2826 | Temple   | Entered the Ecumenical Temple
  2917 | Temple   | Became a worshipper of Warmaster Okawaru
  2958 | D:4      | Reached skill level 7 in Axes
  3319 | D:4      | Found Esireucw's Weapon Boutique.
  3947 | D:5      | Entered Level 5 of the Dungeon
  4021 | D:5      | Reached skill level 8 in Axes
  4042 | D:5      | Reached XP level 7. HP: 63/63 MP: 7/7
  4044 | D:5      | Found a hide-covered altar of Uskayaw.
  4080 | D:5      | Reached * piety under Okawaru
  4260 | D:6      | Noticed a steam dragon
  4261 | D:6      | Noticed Prince Ribbit
  4266 | D:6      | Killed a steam dragon
  4266 | D:6      | Noticed Sigmund
  4267 | D:6      | Reached skill level 9 in Axes
  4280 | D:6      | HP: 1/64 [ogre (15)]
  4281 | D:6      | Mangled by Prince Ribbit

Illustrated notes

Levels and vault maps discovered:
D:1:      shiori_shiawase, layout_loops_ring
D:2:      layout_basic, chequers_ecumenical_altar_simple_redux, serial_shops,
          shop, st_stairs_7
D:3:      minmay_spotlight, layout_rooms, nicolae_ru_sacrificial_ziggurat,
          serial_undead, serial_undead_a, serial_undead_e, serial_undead_c,
          serial_undead_b, grunt_decor_junction
D:4:      layout_loops_corners, minmay_temple_entry_crystal_x, serial_shops,
          nicolae_shop_trees, chequers_serial_rivers_room_b
D:5:      layout_cave_pools, nicolae_elyvilon_peaceful_grove,
          nicolae_uskayaw_dance_hall, uniq_pikel
D:6:      layout_rooms, mainiacjoe_overflow_24_doors, kennysheep_mini_moat,
          nicolae_ossuary_entry_giza, biasface_ghost_orc_armoury, uniq_grinder,
          uniq_menkaure, uniq_prince_ribbit1, uniq_sigmund
Temple:   dpeg_chambers_temple

Skill      XL: |  1  2  3  4  5  6  7 |
---------------+----------------------+-----
Axes           | 3 4 5 6 8 9 |  9.6
Fighting       | 4 5 6 |  6.9
Armour         | |  3.2
Shields        | |  3.2

Action                   |  1- 3 |  4- 6 |  7- 9 || total
-------------------------+-------+-------+-------++-------
Melee: War axe           |   127 |   203 |    26 ||   356
Throw: Dart              |     2 |       |    11 ||    13
  Use: Scroll            |       |     5 |     1 ||     6
       Potion            |       |       |     3 ||     3
Armor: Scale mail        |    13 |       |       ||    13
       Plate armour      |    75 |   152 |    25 ||   252
Dodge: Dodged            |    54 |    63 |    11 ||   128
Block: Other             |       |    18 |    12 ||    30
       Reflection        |       |     1 |       ||     1
